 Dungeon Sprint DCSS version 0.30.1-11-g7821555f0a (webtiles) character file.

Game seed: 15909426843874009670

11530 Groucho the Eclecticist (level 12, -21/93 HPs)
             Began as a Djinni Earth Elementalist on Dec 17, 2023.
             Was the Champion of Dithmenos.
             Killed from afar by a merfolk aquamancer (43 damage)
             ... with a shard of ice
             ... in the Dungeon (Sprint VII: "The Pits").
             The game lasted 00:11:38 (6032 turns).

Groucho the Eclecticist (Djinni Earth Elementalist) Turns: 6032, Time: 00:11:38

Health: -21/93     AC: 20    Str:  7    XL:     12   Next: 8%
Gold:   0          EV: 11    Int: 22    God:    Dithmenos [******] SH:  0 Dex: 14

rFire   + + .        r - +2 dire flail (venom)
rCold   x . .        (shield currently unavailable)
rNeg    . . .        u - +4 scale mail
rPois   ∞            (no helmet)
rElec   .            t - +0 cloak
rCorr   .            (no gloves)
SInv    .            (boots unavailable)
Will    +....        (no amulet)
Stlth   ++++         m - +3 ring of protection
HPRegen 0.35/turn    n - +3 ring of protection
MPRegen 0.00/turn

%: no teleportation, infuse magic (-22 HP)
@: flying, hasted, wreathed by umbra, invisible, very quick
A: sickness immunity, fire resistance 2, cold vulnerability 1, float, innate
caster, HP casting, extra vitality 1
a: Renounce Religion, Shadow Step, Shadow Form


You were in the Dungeon.
You worshipped Dithmenos.
Dithmenos was exalted by your worship.
You visited 1 branch

Inventory:

Hand Weapons
 c - a +0 whip
 g - a +2 dagger
 h - a +2 trident
 r - a +2 dire flail of venom (weapon)
 s - a +2 halberd of venom
Armour
 a - a +0 robe
 t - a +0 cloak (worn)
 u - a +4 scale mail (worn)
Jewellery
 m - a +3 ring of protection (left hand)
 n - a +3 ring of protection (right hand)
Scrolls
 j - a scroll of summoning
Potions
 b - 6 potions of curing
 e - 3 potions of berserk rage
 i - a potion of invisibility
 o - 3 potions of resistance
 p - 3 potions of might
 q - a potion of brilliance


   Skills:
 + Level 10.6 Fighting
 + Level 8.2 Short Blades
 + Level 10.5 Armour
 + Level 11.8 Dodging
 + Level 8.3 Stealth
 + Level 15.1 Spellcasting


You knew the following spells:

 Your Spells              Type           Power      Damage    Failure   Level
a - Sandblast             Erth           100%       2d20      1%          1
b - Passwall              Tmut/Erth      58%        N/A       1%          2
c - Stone Arrow           Conj/Erth      100%       3d13      1%          3
d - Petrify               Tmut/Erth      70%        N/A       1%          4
e - Freeze                Ice            100%       1d10      1%          1
f - Momentum Strike       Conj/Tloc      100%       3d10      1%          2
g - Hailstorm             Conj/Ice       70%        3d15      1%          3
h - Portal Projectile     Hex/Tloc       100%       N/A       1%          3
i - Manifold Assault      Tloc           70%        N/A       1%          4
Your spell library was empty.

Dungeon Overview and Level Annotations

Branches:
Dungeon (1/1)

Altars:
Ashenzari
Cheibriados
Dithmenos
Elyvilon
Fedhas
Gozag
Hepliaklqana
Makhleb
Nemelex Xobeh
Okawaru
Qazlal
Ru
Trog
Uskayaw
Wu Jian
Xom
Yredelemnul
Zin
The Shining One
Jiyva
Lugonu


Innate Abilities, Weirdness & Mutations

You are immune to sickness and miasma.
You are immune to poison.
Your flesh is very heat resistant. (rF++)
You are vulnerable to cold. (rC-)
You float through the air rather than walking.
You learn spells naturally, not from books.
Your magical power is your life essence.
You have superior vitality. (+4 MHP)


Message History

Press: ? - help, Q - select action, (/) - cycle Shift-Dir - straight line, f/p - cyclops
Aim: a cyclops, quivering large rocks (black smoke, almost dead, wandering, unable to see you, hasn't noticed you, umbra, 98% to hit)
The stone arrow hits the merfolk aquamancer!
The merfolk aquamancer is lightly wounded.
Unknown command.
Aiming: Stone Arrow (safe; 1% risk of failure)
Press: ? - help, Q - select action, (/) - cycle Shift-Dir - straight line, f/p - cyclops
Aim: a cyclops, quivering large rocks (almost dead, unable to see you, umbra, 98% to hit)
The stone arrow misses the merfolk aquamancer.
The stone arrow hits the cyclops!!
You kill the cyclops!
Dithmenos accepts your kill.
You hear a splash.
You hear a loud, deep croak!
The merfolk aquamancer hits you with a +3 rapier of venom!
Unknown command.
Aiming: Stone Arrow (safe; 1% risk of failure)
Press: ? - help, Q - select action, (/) - cycle Shift-Dir - straight line, f - merfolk aquamancer
Aim: a merfolk aquamancer, wielding a +3 rapier of venom and wearing a +0 robe (black smoke, lightly wounded, umbra, 72% to hit)
The stone arrow misses the merfolk aquamancer.
* * * LOW HITPOINT WARNING * * *
The bullfrog gives a loud, deep croak!
The merfolk aquamancer completely misses you.
Unknown command.
Aiming: Stone Arrow (safe; 1% risk of failure)
Press: ? - help, Q - select action, (/) - cycle Shift-Dir - straight line, f - bullfrog, p - merfolk aquamancer
Aim: a bullfrog (black smoke, wandering, unable to see you, hasn't noticed you, umbra, 72% to hit)
The stone arrow hits the merfolk aquamancer!
The merfolk aquamancer is moderately wounded.
The wolf howls!
* * * LOW HITPOINT WARNING * * *
Unknown command.
Unknown command.
Okay, then.
Your +2 dire flail of venom begins to drip with poison!
r - a +2 dire flail of venom (weapon)
The bullfrog croaks.
The merfolk aquamancer points at you and mumbles some strange words.
The shard of ice hits you!!!
You feel a painful chill!
You die...

#...##.).##..##...###
##...##)##..###...'.## .
##...)......##...#..## .h.
##..###'###...##'##...# #...#
#.)##.....##..#.§§#§..#F.....
#..'.......+..§§§§F...'......
#..##.....##..#§§h#...#......
##..###'###...##m##...# #.m.#
##..........##.@.#§.## ...
#...##'##..###...§.## .
#...##...##..##...###
#..###...###..'...# ### #####
########


You could see a merfolk aquamancer, a wolf and a bullfrog (wandering, unable to
see you).

Vanquished Creatures
  A two-headed ogre (D)
  4 hell hogs (D)
  A fire crab (D)
  A bog body (D)
  A flayed ghost (D)
  A phantasmal warrior (D)
  An orc knight (D)
  An orc sorcerer (D)
  A manticore (D)
  A cyclops (D)
  A demonic crawler (D)
  An elephant (D)
  An orange demon (D)
  A kobold demonologist (D)
  A snapping turtle (D)
  Sigmund (D)
  A shadow (D)
  6 yaks (D)
  A wyvern (D)
  A wraith (D)
  A ynoxinul (D)
  A fire bat (D)
  2 water elementals (D)
  3 redbacks (D)
  A floating eye (D)
  A water moccasin (D)
  An orc warrior (D)
  A black bear (D)
  An ice beast (D)
  5 wolves (D)
  A centaur (D)
  2 phantoms (D)
  A kobold brigand (D)
  A bullfrog (D)
  A necrophage (D)
  A scorpion (D)
  4 wights (D)
  2 small abominations (D)
  A hound (D)
  A gnoll bouda (D)
  3 gnolls (D)
  2 adders (D)
  A white imp (D)
  3 orcs (D)
  A ball python (D)
  2 bats (D)
  An endoplasm (D)
  2 giant cockroaches (D)
  2 hobgoblins (D)
  A frilled lizard (D)
  A quokka skeleton (D)
  A rat (D)
80 creatures vanquished.

Notes
Turn   | Place    | Note
-------+----------+-------------------------------------------
     0 | D        | Groucho the Djinni Earth Elementalist began the quest for
                  | the Orb.
     0 | D        | Groucho set off with the following spells memorised:
                  | Sandblast, Passwall, Stone Arrow, Petrify.
     0 | D        | Reached XP level 1. HP: 15/15 MP: 0/0
    41 | D        | Found a bloodstained altar of Trog.
    41 | D        | Found a viscous altar of Jiyva.
    41 | D        | Found a hazy altar of Hepliaklqana.
    41 | D        | Found an opulent altar of Gozag.
    42 | D        | Found a glowing golden altar of the Shining One.
    42 | D        | Found a glowing silver altar of Zin.
    42 | D        | Found a basalt altar of Yredelemnul.
    42 | D        | Found a shimmering altar of Xom.
    42 | D        | Found an ornate altar of the Wu Jian Council.
    42 | D        | Found a sacrificial altar of Ru.
    42 | D        | Found a stormy altar of Qazlal.
    42 | D        | Found an iron altar of Okawaru.
    42 | D        | Found a sparkling altar of Nemelex Xobeh.
    42 | D        | Found a burning altar of Makhleb.
    42 | D        | Found a blossoming altar of Fedhas.
    42 | D        | Found a white marble altar of Elyvilon.
    42 | D        | Found a shadowy altar of Dithmenos.
    42 | D        | Found a snail-covered altar of Cheibriados.
    43 | D        | Found a corrupted altar of Lugonu.
    44 | D        | Found a hide-covered altar of Uskayaw.
    44 | D        | Found a broken altar of Ashenzari.
    51 | D        | Became a worshipper of Dithmenos the Shadowed
    65 | D        | Reached skill level 3 in Spellcasting
    69 | D        | Reached * piety under Dithmenos
    78 | D        | Reached XP level 2. HP: 12/21 MP: 0/0
   824 | D        | Reached skill level 4 in Spellcasting
   827 | D        | Reached ** piety under Dithmenos
   828 | D        | Reached skill level 5 in Spellcasting
   828 | D        | Reached XP level 3. HP: 12/25 MP: 0/0
   828 | D        | Learned a level 1 spell: Freeze
   838 | D        | Reached skill level 6 in Spellcasting
   838 | D        | Reached XP level 4. HP: 11/31 MP: 0/0
  1097 | D        | Reached *** piety under Dithmenos
  1424 | D        | Noticed a wight
  1424 | D        | Noticed a wight
  1424 | D        | Noticed a wight
  1427 | D        | Killed a wight
  1428 | D        | Reached skill level 7 in Spellcasting
  1428 | D        | Reached XP level 5. HP: 29/35 MP: 0/0
  1428 | D        | Learned a level 2 spell: Momentum Strike
  1430 | D        | Reached skill level 8 in Spellcasting
  1430 | D        | Reached **** piety under Dithmenos
  1431 | D        | Reached skill level 9 in Spellcasting
  1431 | D        | Reached XP level 6. HP: 27/40 MP: 0/0
  1649 | D        | Noticed a fire bat
  1649 | D        | Noticed a black bear
  1653 | D        | Killed a fire bat
  1654 | D        | Reached skill level 10 in Spellcasting
  1654 | D        | Reached XP level 7. HP: 35/45 MP: 0/0
  1654 | D        | Learned a level 3 spell: Hailstorm
  1661 | D        | Reached skill level 11 in Spellcasting
  1686 | D        | Reached skill level 12 in Spellcasting
  1798 | D        | Reached ***** piety under Dithmenos
  1799 | D        | Reached skill level 13 in Spellcasting
  1799 | D        | Reached XP level 8. HP: 44/50 MP: 0/0
  1814 | D        | Reached skill level 1 in Fighting
  1814 | D        | Reached skill level 1 in Armour
  2024 | D        | Noticed a wraith
  2028 | D        | Killed a wraith
  2031 | D        | Reached skill level 5 in Dodging
  2421 | D        | Noticed Sigmund
  2421 | D        | Noticed a manticore
  2425 | D        | Killed a manticore
  2426 | D        | Reached skill level 5 in Fighting
  2426 | D        | Reached skill level 5 in Armour
  2426 | D        | Reached XP level 9. HP: 53/65 MP: 0/0
  2426 | D        | Learned a level 3 spell: Portal Projectile
  2426 | D        | Killed Sigmund
  2426 | D        | Reached ****** piety under Dithmenos
  2428 | D        | Noticed a snapping turtle
  2428 | D        | Noticed an orc sorcerer
  2429 | D        | Noticed an orange demon
  2437 | D        | Noticed a sun demon
  2439 | D        | Noticed a soul eater
  2459 | D        | Killed an orc sorcerer
  2462 | D        | Killed a snapping turtle
  2784 | D        | Noticed an orange demon
  2787 | D        | Killed an orange demon
  3075 | D        | Noticed an elephant
  3080 | D        | Killed an elephant
  3081 | D        | Reached skill level 14 in Spellcasting
  3081 | D        | Reached XP level 10. HP: 68/73 MP: 0/0
  3863 | D        | Noticed a phantasmal warrior
  3870 | D        | Killed a phantasmal warrior
  3876 | D        | Noticed an orc knight
  3889 | D        | Killed an orc knight
  3890 | D        | Reached skill level 5 in Stealth
  4303 | D        | Noticed a two-headed ogre
  4303 | D        | Noticed a kobold demonologist
  4304 | D        | Killed a kobold demonologist
  4305 | D        | Reached skill level 5 in Short Blades
  4308 | D        | Killed a two-headed ogre
  4886 | D        | Noticed a flayed ghost
  4889 | D        | Killed a flayed ghost
  4890 | D        | Reached XP level 11. HP: 73/82 MP: 0/0
  4890 | D        | Learned a level 4 spell: Manifold Assault
  5122 | D        | Reached skill level 10 in Dodging
  5515 | D        | Noticed a fire crab
  5516 | D        | Noticed a bog body
  5519 | D        | Killed a fire crab
  5521 | D        | Killed a bog body
  5960 | D        | Noticed a hell hog
  5960 | D        | Noticed a hell hog
  5960 | D        | Noticed a hell hog
  5960 | D        | Noticed a hell hog
  5968 | D        | Killed a hell hog
  5968 | D        | Noticed a cyclops
  5976 | D        | Killed a hell hog
  5986 | D        | Killed a hell hog
  5987 | D        | Reached skill level 10 in Fighting
  5987 | D        | Reached skill level 10 in Armour
  5993 | D        | Reached skill level 15 in Spellcasting
  6002 | D        | Killed a hell hog
  6011 | D        | Noticed a merfolk aquamancer
  6017 | D        | Reached XP level 12. HP: 37/92 MP: 0/0
  6032 | D        | Killed from afar by a merfolk aquamancer

Illustrated notes

Levels and vault maps discovered:
D:        pitsprint [storerooms_1, entrance_room_1, metal_vault_5, armoury_3,
          mini_pit_1, grid_room_1, main_hall_1, silver_pit, the_coven_3,
          the_vestibule_1, steel_vault_5, golden_pit, hallway_of_sentries,
          crystal_vault_2, iron_vault_4, final_vault]

Skill      XL: |  1  2  3  4  5  6  7  8  9 10 11 |
---------------+----------------------------------+-----
Spellcasting   | 3 5 6 7 9 10 13 14 15 | 15.1
Fighting       | 5 6 8 10 | 10.6
Armour         | 5 6 8 10 | 10.5
Dodging        | 6 7 9 11 | 11.8
Short Blades   | 3 6 8 |  8.2
Stealth        | 3 6 8 |  8.3

Action                     |  1- 3 |  4- 6 |  7- 9 | 10-12 || total
---------------------------+-------+-------+-------+-------++-------
  Melee: Whip              |       |     2 |       |       ||     2
         Dagger            |       |       |     4 |    26 ||    30
         Dire flail        |       |       |       |     1 ||     1
   Cast: Sandblast         |    21 |     1 |       |       ||    22
         Stone Arrow       |       |     8 |    43 |    73 ||   124
         Petrify           |       |       |     2 |     1 ||     3
         Hailstorm         |       |       |     1 |     1 ||     2
    Use: Potion            |     1 |       |     3 |     8 ||    12
         Scroll            |       |       |     1 |       ||     1
   Stab: Petrified         |       |       |     4 |     5 ||     9
         Invisible         |       |       |       |     3 ||     3
 Armour: Robe              |       |       |     2 |       ||     2
         Scale mail        |       |       |       |    18 ||    18
  Dodge: Dodged            |     9 |     5 |    13 |    20 ||    47
